[Event "*** Titled Tuesday Blitz"]
[Site "Chess.com"]
[Date "2020.11.03"]
[Round "5"]
[White "akanga001"]
[Black "kreonx"]
[Result "0-1"]
[WhiteElo "1926"]
[BlackElo "2304"]
[TimeControl "180+1"]
[EndTime "10:59:21 PST"]
[Termination "kreonx won by resignation"]

1. d4 f5 2. c4 Nf6 3. g3 g6 4. Nf3 Bg7 5. Bg2 O-O 6. O-O d6 7. Nc3 Qe8 8. d5 a5 9. Nd4 Na6 10. Ne6 Bxe6 11. dxe6 c6 12. e4 fxe4 13. Nxe4 Nxe4 14.
Bxe4 Nc5 15. Bg2 Nxe6 16. Re1 Nc7 17. Bg5 Bf6 18. Bh6 Bg7 19. Bg5 Rf7 20. Bh3 h6 21. Be3 c5 22. Bg2 Rb8 23. Qd2 Kh7 24. Qxa5 b6 25.
Qd2 b5 26. cxb5 Qxb5 27. Rab1 Qb4 28. Qc2 Nb5 29. h4 h5 30. Bf1 Nd4 31. Bxd4 Bxd4 32.
Re2 Rbf8 33. Qe4 Bxf2+ 34. Kg2 Qxe4+ 35. Rxe4 e5 36. Bc4 Ra7 37. Bd5 Bd4 38. a3 Rf2+ 39. Kh3 Rxb2 40. Rf1 Kh6 41. Rf8 Bg1 42. Rh8+ Kg7 43.
Rg8+ Kh7 44. g4 Rxa3+ 0-1

[Event "*** Titled Tuesday Blitz"]
[Site "Chess.com"]
[Date "2020.11.03"]
[Round "5"]
[White "FairChess_on_YouTube"]
[Black "ShimanovAlex"]
[Result "1-0"]
[WhiteElo "2990"]
[BlackElo "2806"]
[TimeControl "180+1"]
[EndTime "10:59:22 PST"]
[Termination "FairChess_on_YouTube won on time"]

1. e4 c6 2. Nf3 d5 3. d3 Qc7 4. g3 dxe4 5. dxe4 e5 6. Bg2 Bg4 7. h3 Bh5 8. O-O Nd7 9. Qe1 Ngf6 10. Nh4 Bc5 11. Nd2 O-O 12. Nc4 Rfe8 13. Bd2 b5 14.
Ne3 Nb6 15. b3 Rad8 16. Nef5 Nbd7 17. Bg5 Ra8 18. Kh1 a5 19. a4 Bb4 20. Qe3 Bc5 21. Qc1 Bf8 22. Qb2 h6 23. Be3 Reb8 24.
Qc1 Bg6 25. Nxg6 fxg6 26. Nh4 g5 27. Ng6 Bc5 28. f4 gxf4 29. gxf4 Bxe3 30. Qxe3 Re8 31.
f5 Nf8 32. Nh4 b4 33. Bf3 Qa7 34. Qe2 Rad8 35. Rg1 Kh8 36. Rg2 Re7 37. Rag1 Qd4 38.
Qe1 Rdd7 39. Kh2 Qc3 40. Qc1 N8h7 41. Ng6+ Kg8 42. Nxe7+ Rxe7 43. Qxh6 Ne8 44. Bh5 Kh8 45. Bxe8 1-0

[Event "*** Titled Tuesday Blitz"]
[Site "Chess.com"]
[Date "2020.11.03"]
[Round "5"]
[White "indfraeng"]
[Black "vladgoncharov"]
[Result "1-0"]
[WhiteElo "2359"]
[BlackElo "2475"]
[TimeControl "180+1"]
[EndTime "10:59:22 PST"]
[Termination "indfraeng won on time"]

1. d4 Nf6 2. c4 e6 3. g3 c5 4. d5 exd5 5. cxd5 d6 6. Bg2 g6 7.
Nc3 Bg7 8. Nf3 O-O 9. O-O Bg4 10. Nd2 Qd7 11. a4 Na6 12. Nc4 Rfd8 13. Bf4 Ne8 14. Nb5 Bf8 15. Re1 Bh3 16. e4 Bxg2 17. Kxg2 f6 18. h4 Nac7 19. Qb3 Nxb5 20. axb5 Qf7 21.
Rad1 h5 22. Qc3 Kh7 23. b4 Rac8 24. Ra1 b6 25. bxc5 Rxc5 26. Qb4 Bh6 27. Bxh6 Kxh6 28.
Rec1 f5 29. Ne3 fxe4 30. Qxe4 Ng7 31. Rxc5 dxc5 32. Qe5 Re8 33. Qg5+ Kh7 34. Rd1 Qd7 35.
d6 Re6 36. Nd5 Qxd6 37. Nf6+ Rxf6 38. Rxd6 Rxd6 39. Qe7 Rd5 40. Qxa7 c4 41. Qxb6 c3 42.
Qc6 c2 43. b6 Rd6 44. Qxd6 c1=Q 45. b7 Qc2 46. b8=Q Qe4+ 47. Kh2 Qf3 48. Qf4 Qe2 49. Qh6+ 1-0

[Event "*** Titled Tuesday Blitz"]
[Site "Chess.com"]
[Date "2020.11.03"]
[Round "5"]
[White "Volodar_Murzin"]
[Black "BillieKimbah"]
[Result "0-1"]
[WhiteElo "2611"]
[BlackElo "2857"]
[TimeControl "180+1"]
[EndTime "10:59:23 PST"]
[Termination "BillieKimbah won by resignation"]

1. e4 e5 2. Nf3 Nc6 3. d4 exd4 4. Nxd4 Qf6 5. Nxc6 Bc5 6. Qf3 dxc6 7. Nd2 Be6 8. Bd3 O-O-O 9. Qg3 h5 10. Nf3 Bb4+ 11. Ke2 Qe7 12. Qxg7 Nh6 13. Bg5 Qf8 14. Qxf8 Rdxf8 15. h3 f6 16. Be3 Nf7 17. a3 Bd6 18. g3 Rhg8 19. Rag1 Re8 20. Nd4 Bd7 21. Bc4 Rg7 22. Nf5 Rh7 23. Bd3 Rhh8 24. Kf1 Bf8 25. Bf4 c5 26. f3 b5 27. Ne3 c4 28. Be2 Bc5 29. a4 a6 30. axb5 axb5 31. Kg2 f5 32. Rd1 fxe4 33.
Nd5 exf3+ 34. Bxf3 Ne5 35. Nf6 Nxf3 36. Nxe8 Bc6 37.
Nxc7 Nd4+ 38. Kh2 Nf3+ 39. Kg2 Nd4+ 40. Kh2 Bxh1 41. Kxh1 h4 42. g4 Rf8 43. Be5 Nf3 44. Ne6 Re8 45. Nxc5 Rxe5 46. Na6 Re2 0-1

[Event "*** Titled Tuesday Blitz"]
[Site "Chess.com"]
[Date "2020.11.03"]
[Round "5"]
[White "Vuk2000"]
[Black "crazy_but_lazy"]
[Result "0-1"]
[WhiteElo "2637"]
[BlackElo "2460"]
[TimeControl "180+1"]
[EndTime "10:59:23 PST"]
[Termination "crazy_but_lazy won on time"]

1. d4 Nf6 2. Bg5 c5 3. Bxf6 gxf6 4. d5 Bg7 5. c4 f5 6. Qc2 d6 7. Nc3 a6 8. e3 O-O 9. Bd3 e6 10. Nge2 Nd7 11. f4 Rb8 12. O-O Nf6 13. a4 Bd7 14. Ng3 Re8 15. Rfe1 b5 16. axb5 axb5 17. cxb5 Nxd5 18.
Nxd5 exd5 19. Bxf5 Rxb5 20. Bxh7+ Kf8 21. Rab1 Qb6 22.
Qd2 c4 23. Nf1 d4 24. exd4 Qxd4+ 25. Qxd4 Bxd4+ 26. Kh1 Rxb2 27. Rxe8+ Bxe8 28. Rxb2 Bxb2 29. Ne3 c3 30. Kg1 Bc6 31. Kf2 d5 32. Bd3 Ba3 33.
Ke2 Bc5 34. Nc2 d4 35. g3 Kg7 36. Bc4 Bd7 37. Bd3 Bg4+ 38. Kf2 Kf6 39. Ne1 Bd6 40. Kg2 Bc5 41. h3 Bd1 42. Kf2 c2 0-1

[Event "*** Titled Tuesday Blitz"]
[Site "Chess.com"]
[Date "2020.11.03"]
[Round "5"]
[White "nitpicker"]
[Black "vova-79"]
[Result "0-1"]
[WhiteElo "2123"]
[BlackElo "2483"]
[TimeControl "180+1"]
[EndTime "10:59:23 PST"]
[Termination "vova-79 won on time"]

1. d4 d5 2. c4 c6 3. Nf3 Nf6 4. Qb3 dxc4 5. Qxc4 Bf5 6. Nc3 e6 7. g3 Nbd7 8. Qb3 Qb6 9. Nd2 Be7 10. Bg2 O-O 11. O-O Rab8 12. e4 Bg6 13. Nc4 Qa6 14.
Re1 b5 15. Ne5 c5 16. Nxg6 hxg6 17. d5 c4 18. Qc2 b4 19. Ne2 Ne5 20. Nf4 g5 21. Nh3 Nd3 22. Rd1 exd5 23. exd5 Rfd8 24. Bxg5 Rbc8 25. a3 b3 26. Qd2 Qb5 27. Nf4 Ne4 28. Bxe4 Bxg5 29. Bxd3 Bxf4 30. Qxf4 cxd3 31. d6 Rc6 32. d7 Rxd7 33. Qe4 Rd8 34. Rd2 Rc2 35. Rad1 Rxd2 36. Rxd2 g6 37. h4 Rd5 38. Kg2 Kg7 39. a4 Qd7 40. Qc4 Rd4 41. Qxb3 Qc6+ 42. Kh2 Qf3 43. Kg1 Kg8 44. Qb8+ Kh7 45. Qe5 Re4 46.
Qd6 Re1+ 0-1

[Event "*** Titled Tuesday Blitz"]
[Site "Chess.com"]
[Date "2020.11.03"]
[Round "5"]
[White "jonaszmb"]
[Black "Semetey"]
[Result "1/2-1/2"]
[WhiteElo "2404"]
[BlackElo "2565"]
[TimeControl "180+1"]
[EndTime "10:59:25 PST"]
[Termination "Game drawn by repetition"]

1. Nf3 e6 2. c4 d5 3. b3 Nf6 4. Bb2 c5 5. e3 Nc6 6. cxd5 exd5 7. Bb5 Bd6 8. O-O O-O 9. d4 Bg4 10. Bxc6 bxc6 11. dxc5 Bxc5 12. Nbd2 Bd6 13. h3 Bh5 14. Rc1 Rc8 15. Qe2 Ne4 16. Rfd1 Qe7 17. Rc2 Bb8 18. Rdc1 Qd6 19. g4 Bg6 20. Be5 Qb4 21. Bxb8 Nxd2 22.
Qxd2 Qxb8 23. Rxc6 Be4 24. Nd4 h5 25. f3 Bg6 26. Qh2 Qb7 27. Rc7 Qa6 28. Qe2 Rxc7 29.
Rxc7 Qd6 30. Qh2 Qb4 31. Qf2 hxg4 32. hxg4 Re8 33. Kg2 a5 34. Rc1 Qa3 35. Rh1 Kf8 36.
Rh8+ Ke7 37. Nc6+ Kd7 38. Rxe8 Kxe8 39. Qg3 Qxa2+ 40. Kh3 Qe2 41. Qd6 Qf1+ 42. Kg3 Qg1+ 43. Kh3 Qh1+ 44. Kg3 Qg1+ 45. Kh3 Qf1+ 46. Kg3 Qe1+ 47.
Kg2 Qe2+ 48. Kg3 Qe1+ 49. Kg2 Qe2+ 50. Kg3 Qe1+ 1/2-1/2

[Event "*** Titled Tuesday Blitz"]
[Site "Chess.com"]
[Date "2020.11.03"]
[Round "5"]
[White "TimofeevAr"]
[Black "MokshanovAlexey"]
[Result "1/2-1/2"]
[WhiteElo "2803"]
[BlackElo "2593"]
[TimeControl "180+1"]
[EndTime "10:59:26 PST"]
[Termination "Game drawn - insufficient material"]

1. c4 e6 2. Nc3 d5 3. d4 Nf6 4. Bg5 c6 5. e3 Nbd7 6. Nf3 Be7 7. Bd3 O-O 8. O-O dxc4 9. Bxc4 Nd5 10.
Bxe7 Qxe7 11. Qc2 Nxc3 12. Qxc3 b6 13. Be2 Bb7 14. b4 c5 15. dxc5 bxc5 16. b5 a6 17. a4 axb5 18. axb5 Nb6 19. h3 h6 20. Rfc1 Rxa1 21. Rxa1 Ra8 22. Rxa8+ Bxa8 23. Qa5 Bxf3 24. Bxf3 Qc7 25. Bc6 c4 26. Kf1 Qd6 27. Ke1 Qc5 28.
Qc3 Na4 29. Qd4 Qb4+ 30. Qd2 Nc3 31. f3 g6 32. Be4 Qb3 33. Bc2 Qb2 34. Bxg6 Qa1+ 35.
Kf2 Nd1+ 36. Ke2 Nc3+ 37. Kf2 Nd1+ 38. Kg3 fxg6 39. Qd8+ Kf7 40. Qc7+ Kf6 41. Qxc4 Nxe3 42. Qf4+ Nf5+ 43. Kh2 Qe5 44. Qxe5+ Kxe5 45. b6 Nd6 46. Kg3 Kd5 47. Kf4 e5+ 48. Kg4 Kc6 49. h4 Kxb6 50. h5 gxh5+ 51. Kxh5 Kc5 52. Kxh6 Kd5 53.
Kg5 Nc4 54. Kh4 Ke6 55. Kg3 Kf5 56. Kf2 Nd6 57. Ke3 Ke6 58. f4 Nf5+ 59. Ke4 exf4 60.
Kxf4 Kf6 61. g4 Ng7 62. g5+ Kg6 63. Kg4 Ne6 64. Kh4 Nxg5 1/2-1/2

[Event "*** Titled Tuesday Blitz"]
[Site "Chess.com"]
[Date "2020.11.03"]
[Round "5"]
[White "Varinius"]
[Black "giantslayer83"]
[Result "0-1"]
[WhiteElo "2499"]
[BlackElo "2709"]
[TimeControl "180+1"]
[EndTime "10:59:26 PST"]
[Termination "giantslayer83 won by checkmate"]

1. d4 Nf6 2. Nf3 g6 3. c4 Bg7 4. Nc3 d5 5. e3 O-O 6. cxd5 Nxd5 7. Bc4 Nb6 8. Bb3 Na6 9. O-O c5 10. h3 Bf5 11. Qe2 Rc8 12. a3 cxd4 13. exd4 Nc7 14. Bg5 Ncd5 15. Rac1 h6 16. Bd2 Nxc3 17. bxc3 Qd6 18. c4 Qxa3 19. Rc3 Nd5 20. Rfc1 Nxc3 21. Rxc3 Qb2 22. c5 e6 23. g4 Bb1 24. Bc4 Ba2 25.
Bxa2 Qxa2 26. Qb5 b6 27. c6 Qd5 28. Qxd5 exd5 29. Bf4 Rfe8 30. c7 Re4 31. Be5 Bxe5 32. Nxe5 Rxd4 33. Nd7 Rc4 34. Re3 Kg7 35. Nf6 Kxf6 36.
f4 R8xc7 37. Kg2 Rxf4 38. Rg3 Rc2+ 39. Kg1 Rcf2 40. Rg2 Rxg2+ 41. Kxg2 g5 42. Kg3 Ke5 43. h4 d4 44. hxg5 hxg5 45. Kg2 d3 46. Kg3 d2 47.
Kg2 d1=Q 48. Kg3 Qd3+ 49. Kg2 Qe2+ 50. Kg1 Rf1# 0-1

[Event "*** Titled Tuesday Blitz"]
[Site "Chess.com"]
[Date "2020.11.03"]
[Round "5"]
[White "AmirBagheri78"]
[Black "Omk124"]
[Result "1/2-1/2"]
[WhiteElo "2577"]
[BlackElo "2430"]
[TimeControl "180+1"]
[EndTime "10:59:26 PST"]
[Termination "Game drawn - insufficient material"]

1. d4 Nf6 2. Nf3 g6 3. Bf4 Bg7 4. e3 d5 5. c4 O-O 6. Nc3 c5 7.
dxc5 Qa5 8. Rc1 dxc4 9. Bxc4 Nc6 10. O-O Qxc5 11. Be2 Qa5 12. Qa4 Qxa4 13. Nxa4 Nd5 14. Bg3 Bg4 15. h3 Bxf3 16. Bxf3 Rfd8 17. a3 Rac8 18. b4 e6 19. Nc5 b6 20. Nb7 Rd7 21. Nd6 Rcc7 22. Ne8 Rc8 23. Nxg7 Kxg7 24. Rc2 Nce7 25.
Rxc8 Nxc8 26. Rc1 Nce7 27. Rc2 Nf5 28. Bh2 Nde7 29. g4 Nh4 30. Be2 g5 31. Bg3 Neg6 32. f4 h6 33. Kf2 f5 34. a4 fxg4 35. hxg4 Rf7 36. Rc4 gxf4 37. exf4 Ne5 38. Re4 Nhg6 39.
Kg2 Nd7 40. Rxe6 Nxf4+ 41. Bxf4 Rxf4 42. Bb5 Nf6 43. Re7+ Kg6 44. Rxa7 Rxg4+ 45. Kf3 Rxb4 46. Rb7 Nd5 47. Bc6 Nf6 48. Bb5 Rb3+ 49. Ke2 Nd5 50. Rd7 Nf4+ 51. Kd2 h5 52. Rd6+ Kg5 53. Rxb6 h4 54. Rb8 h3 55. Rh8 h2 56. Kc2 Rh3 57.
Rxh3 Nxh3 58. Bc6 Kf6 59. a5 Nf4 60. a6 Ne6 61. Kc3 Nc7 62. Kd4 Nxa6 63. Ke3 Nc7 64. Kf2 Ke5 65. Kg2 Nd5 66. Kh1 Ne3 67. Kxh2 1/2-1/2

[Event "*** Titled Tuesday Blitz"]
[Site "Chess.com"]
[Date "2020.11.03"]
[Round "5"]
[White "SGchess01"]
[Black "krzyzan94"]
[Result "1-0"]
[WhiteElo "2846"]
[BlackElo "2660"]
[TimeControl "180+1"]
[EndTime "10:59:27 PST"]
[Termination "SGchess01 won by resignation"]

1. d4 Nf6 2. c4 d6 3. Nc3 e5 4. Nf3 e4 5. Nd2 Qe7 6. e3 c6 7. b4 g6 8. Be2 Bg7 9. O-O O-O 10. a4 Nbd7 11. Ba3 Re8 12. b5 c5 13. Nb3 h5 14. Qd2 a6 15. Rad1 axb5 16. cxb5 b6 17.
dxc5 Nxc5 18. Nd4 Bg4 19. Nc6 Qe6 20. Bxc5 dxc5 21. Bxg4 hxg4 22. Rc1 Qf5 23. Rfd1 Qh5 24. Qd6 Nh7 25. a5 Re6 26. Qd5 bxa5 27. Qxh5 gxh5 28.
Nd5 Rf8 29. Nxa5 Be5 30. b6 Nf6 31. Nxf6+ Bxf6 32. Nc4 Be7 33. Rd5 Rb8 34. Rxh5 Rbxb6 35.
Nxb6 Rxb6 36. Re5 Bd6 37. Rxe4 f5 38. Ra4 Kf7 39. h3 gxh3 40. gxh3 Ke6 41. Kg2 Rb2 42.
Kf3 Rb8 43. Ra6 Ke5 44. Rd1 Be7 45. Ra7 Bf8 46. Rad7 c4 47. Rd8 Rxd8 48. Rxd8 Bc5 49. Rc8 Kd6 50. h4 c3 51. Ke2 Kd5 52. Kd3 Bb4 53. h5 Ke6 54. h6 c2 55. Kxc2 1-0

[Event "*** Titled Tuesday Blitz"]
[Site "Chess.com"]
[Date "2020.11.03"]
[Round "5"]
[White "kuban1991"]
[Black "NewBornNow"]
[Result "1-0"]
[WhiteElo "2897"]
[BlackElo "2645"]
[TimeControl "180+1"]
[EndTime "10:59:27 PST"]
[Termination "kuban1991 won on time"]

1. Nf3 d6 2. d4 g6 3. Nc3 Bg7 4. e4 c6 5. Be3 Qb6 6. Rb1 Nf6 7. h3 O-O 8. Bd3 Qc7 9. a4 e5 10. O-O Nbd7 11. dxe5 Nxe5 12. Nxe5 dxe5 13. b4 Be6 14. a5 Nh5 15. Qf3 Nf4 16. Rfd1 Nxd3 17. Rxd3 b6 18. Ra1 Bc4 19. Rdd1 Rab8 20. axb6 axb6 21.
Qg4 h5 22. Qh4 f6 23. Qg3 Kh7 24. f3 b5 25. Bc5 Rfd8 26. Rxd8 Rxd8 27. Ra7 Qc8 28. Be7 Rd7 29. Qf2 Qe8 30. Qc5 Rxa7 31. Qxa7 Qf7 32. Qc5 Qe6 33. Bd6 Qd7 34. Nd1 Bh6 35.
Kf2 f5 36. exf5 Qxf5 37. Ne3 Bxe3+ 38. Qxe3 Qxc2+ 39. Kg3 Qe2 40. Qa7+ Kg8 41. Qe7 1-0

[Event "*** Titled Tuesday Blitz"]
[Site "Chess.com"]
[Date "2020.11.03"]
[Round "5"]
[White "jefferyx"]
[Black "Maghalashvili"]
[Result "1-0"]
[WhiteElo "2927"]
[BlackElo "2692"]
[TimeControl "180+1"]
[EndTime "10:59:28 PST"]
[Termination "jefferyx won by resignation"]

1. e4 c5 2. Nf3 d6 3. Bb5+ Bd7 4. Bxd7+ Nxd7 5. O-O Ngf6 6. Qe2 e6 7. d4 cxd4 8. Nxd4 a6 9. c4 Be7 10. Nc3 O-O 11.
b3 Re8 12. Bb2 Qc7 13. Rad1 Ne5 14. f4 Nc6 15. Nxc6 Qxc6 16. e5 dxe5 17. fxe5 Nd7 18. Ne4 Nc5 19. Nd6 Bxd6 20. exd6 e5 21. Rd5 Nd7 22.
Qg4 Re6 23. Kh1 Rxd6 24. Bxe5 Nxe5 25. Rxe5 Rg6 26. Qe4 Qxe4 27. Rxe4 Re6 28. Rd4 Rae8 29. h4 h5 30. Rd7 R8e7 31. Rfd1 Re4 32. Rxe7 Rxe7 33.
Kh2 Kf8 34. Rd8+ Re8 35. Rd7 Re7 36. Rd8+ Re8 37. Rxe8+ Kxe8 38. Kg3 f6 39. Kf4 Ke7 40. b4 Ke6 41. a3 g6 42. a4 a5 43. bxa5 Kd6 44. Ke4 Kc5 45. Kd3 g5 46. g3 gxh4 47.
gxh4 Kb4 48. a6 bxa6 49. Kd4 f5 50. c5 f4 51. c6 f3 52. Ke3 Kxa4 53. c7 a5 54.
c8=Q f2 55. Qc4+ 1-0

[Event "*** Titled Tuesday Blitz"]
[Site "Chess.com"]
[Date "2020.11.03"]
[Round "5"]
[White "RobPeresian"]
[Black "Sharpchess22"]
[Result "0-1"]
[WhiteElo "2459"]
[BlackElo "2821"]
[TimeControl "180+1"]
[EndTime "10:59:31 PST"]
[Termination "Sharpchess22 won by resignation"]

1. Nf3 Nf6 2. c4 g6 3. Nc3 Bg7 4. e4 d6 5. d4 O-O 6. h3 c5 7. d5 e6 8. Bd3 exd5 9. exd5 Re8+ 10. Kf1 Na6 11. g4 h5 12. Nh2 hxg4 13. hxg4 Qd7 14.
f3 Nb4 15. Kg2 Nxd3 16. Qxd3 a6 17. a4 Qc7 18. Bf4 Bd7 19. Nf1 Qb6 20. Rb1 Re7 21.
Ng3 Rae8 22. g5 Nh7 23. Nce4 Bxa4 24. b3 Bd7 25. Bxd6 Rxe4 26. Nxe4 Rxe4 27. fxe4 Qxd6 28. Qg3 Qe7 29. Rbe1 Be5 30. Qh4 Qxg5+ 31. Kf3 Qxh4 32. Rxh4 a5 33. Reh1 Ng5+ 34. Ke3 b6 35. Kd3 Kg7 36.
Rh8 Bg4 37. Ra8 Bf3 38. Re1 Nh3 39. Re3 Nf2+ 40. Kc2 Bxe4+ 41. Kd2 Bf4 42. Ke2 Bc2 43.
Kxf2 Bxe3+ 44. Kxe3 Bxb3 45. Kd3 Kf6 46. Rb8 Ke5 47.
Rxb6 a4 48. Rb5 Kd6 49. Rb6+ Ke5 50. Rb5 g5 51. Rxc5 g4 52. Rc7 f5 53. Re7+ Kf6 54.
Re6+ Kf7 55. Re1 a3 56. Kd4 a2 57. c5 Bc2 58. Ra1 Bb1 59. c6 Ke7 60. Kc5 g3 61. d6+ Kd8 62. Kb6 g2 63. Kb7 g1=Q 64. c7+ Kd7 65.
c8=Q+ Kxd6 66. Qc6+ Ke5 67. Qb5+ Kf6 68. Qb6+ Qxb6+ 69. Kxb6 f4 70. Kc5 f3 0-1

[Event "*** Titled Tuesday Blitz"]
[Site "Chess.com"]
[Date "2020.11.03"]
[Round "5"]
[White "frederiksvane"]
[Black "GM_LOADING"]
[Result "1-0"]
[WhiteElo "2634"]
[BlackElo "2474"]
[TimeControl "180+1"]
[EndTime "10:59:32 PST"]
[Termination "frederiksvane won by resignation"]

1. e4 e5 2. Nf3 Nc6 3. Bb5 g6 4. d4 exd4 5. c3 a6 6. Bxc6 dxc6 7. cxd4 Bg7 8. Nc3 Ne7 9. O-O h6 10. h3 g5 11. Be3 g4 12. hxg4 Bxg4 13. Re1 Qd6 14.
e5 Qe6 15. Ne4 O-O-O 16. Nc5 Qd5 17. Qb3 Qxb3 18. Nxb3 Bxf3 19. gxf3 Nf5 20. Kf1 Rd5 21. Ke2 Rhd8 22. Rg1 Bf8 23. Rg8 c5 24. dxc5 Rxe5 25. f4 Re6 26. Kf3 c6 27. Rh1 Be7 28. Rxd8+ Bxd8 29. Rh5 Ne7 30. Nd4 Rg6 31. f5 Rg8 32. Rxh6 Nd5 33. Rh7 f6 34. Ne6 Be7 35. Bd4 Kd7 36.
Rf7 Ke8 37. Rh7 Kd7 38. Nf4 Nxf4 39. Kxf4 Ke8 40. Rh6 Rg1 41. Bxf6 Bxf6 42. Rxf6 Ra1 43. Rh6 Rxa2 44. Ke5 Rxb2 45. Kf6 Rxf2 46. Rh8+ Kd7 47. Kg6 a5 48. f6 Ke6 49. Re8+ Kd5 50. f7 a4 51.
f8=Q Rxf8 52. Rxf8 Kxc5 53. Kf5 Kb4 54. Ke4 c5 55. Kd3 Kb3 56. Rc8 b6 57. Rc6 a3 58.
Rxb6+ Ka2 59. Kc2 c4 60. Rb4 1-0

[Event "*** Titled Tuesday Blitz"]
[Site "Chess.com"]
[Date "2020.11.03"]
[Round "5"]
[White "canary2016"]
[Black "Kristina_Kim"]
[Result "1-0"]
[WhiteElo "1956"]
[BlackElo "2159"]
[TimeControl "180+1"]
[EndTime "10:59:32 PST"]
[Termination "canary2016 won by resignation"]

1. Nf3 Nf6 2. g3 c5 3. Bg2 b6 4.
O-O Bb7 5. d4 cxd4 6. Nxd4 Bxg2 7.
Kxg2 e6 8. c4 Be7 9. Nc3 d6 10.
Qa4+ Qd7 11. Qc2 Nc6 12. Rd1 Rc8 13. b3 O-O 14. Bb2 Nxd4 15. Rxd4 Qc6+ 16. Kg1 d5 17.
Rc1 Rfd8 18. cxd5 Nxd5 19. Rc4 Qb7 20. Nxd5 Rxc4 21. Nxe7+ Qxe7 22. Qxc4 h6 23. Qc3 f6 24.
Qc7 Rd1+ 25. Kg2 Qxc7 26. Rxc7 Rd2 27. Ba3 Rxa2 28. Rxa7 b5 29. Bc5 Rxe2 30. Ra5 b4 31.
Bxb4 Rb2 32. Ra3 e5 33. Bc3 Rc2 34. b4 e4 35. Be1 e3 36. Rxe3 Rb2 37. Re7 Kf8 38.
Rb7 Rb1 39. Kf1 f5 40. b5 g5 41. b6 f4 42. gxf4 gxf4 43. Rb8+ Kf7 44. b7 f3 45. Rh8 Rxb7 46. Rh7+ Kg6 47. Rxb7 Kf5 48. Rb6 Kg4 49. Rxh6 Kg5 50. Rh3 Kf5 51. Rg3 Kf4 52. h4 Ke4 53. h5 Kf4 54. h6 Ke4 55. h7 Kf4 56. h8=Q Ke4 1-0

[Event "*** Titled Tuesday Blitz"]
[Site "Chess.com"]
[Date "2020.11.03"]
[Round "5"]
[White "Mikhal867"]
[Black "maximnovik"]
[Result "0-1"]
[WhiteElo "2366"]
[BlackElo "2532"]
[TimeControl "180+1"]
[EndTime "10:59:33 PST"]
[Termination "maximnovik won on time"]

1. c4 Nf6 2. Nc3 g6 3. e4 d6 4. d4 Bg7 5. f3 O-O 6. Be3 c6 7. Qd2 e5 8. d5 cxd5 9. cxd5 a6 10. a4 Nbd7 11. Nge2 Nc5 12. Nc1 Nh5 13. b4 Nd7 14. Nd3 f5 15. Be2 Nf4 16. O-O Nxe2+ 17. Qxe2 f4 18. Bf2 g5 19. Nb2 Rf6 20. a5 Rg6 21. b5 Nc5 22. Bxc5 dxc5 23. Nba4 g4 24. Nxc5 Bf8 25.
Qc4 Qc7 26. d6+ Qf7 27. Qxf7+ Kxf7 28. Nd5 Bxd6 29. Nd3 gxf3 30. Rxf3 Bg4 31. Rf2 Rag8 32. bxa6 bxa6 33. g3 Be6 34. Kh1 Bxd5 35. exd5 Ke7 36. gxf4 exf4 37. Nxf4 Rf6 38. Re2+ Kd7 39. Ne6 Rf5 40. Rd1 Rg4 41. Rg2 Rxg2 42. Kxg2 Bb4 43. Rd4 Bxa5 44. Nc5+ Kd6 45. Nxa6 Bb6 46. Rb4 Be3 47.
Rb3 Bd4 48. Nb4 Kc5 49. Nd3+ Kc4 0-1

[Event "*** Titled Tuesday Blitz"]
[Site "Chess.com"]
[Date "2020.11.03"]
[Round "5"]
[White "ZverevLev"]
[Black "Sergey85Rodchenkov"]
[Result "1-0"]
[WhiteElo "2272"]
[BlackElo "2457"]
[TimeControl "180+1"]
[EndTime "10:59:33 PST"]
[Termination "ZverevLev won on time"]

1. e4 c5 2. Nf3 d6 3. d4 cxd4 4. Nxd4 Nf6 5. Nc3 a6 6. Bg5 Nbd7 7.
f4 Qb6 8. Qd2 Qxb2 9. Rb1 Qa3 10. Bxf6 gxf6 11. Bc4 e6 12. Nb3 b5 13. Bxb5 axb5 14.
Nxb5 Qa4 15. Nc7+ Kd8 16. Nxa8 Qxe4+ 17. Qe2 Qxa8 18. O-O Bb7 19. Nd4 Rg8 20. g3 Qa7 21. Qe3 Nc5 22. Rfd1 Be7 23. Rb5 Kd7 24. Nb3 Ke8 25.
Na5 Bd8 26. Nxb7 Bb6 27. Nxd6+ Ke7 28. Rxb6 Qxb6 29. Ne4 Rc8 30. Nxc5 Rxc5 31. Rd2 Qc6 32. Qd3 Rd5 33. Qa3+ Ke8 34. Rxd5 Qxd5 35. Qa4+ Kf8 36.
Qb3 Qd4+ 37. Kg2 h5 38. Kh3 Kg7 39. c4 Qe4 40. a4 e5 41. fxe5 fxe5 42. Qc3 f6 43. c5 Qe2 44. c6 Qf1+ 45. Kh4 Qf5 46. Qc4 1-0

[Event "*** Titled Tuesday Blitz"]
[Site "Chess.com"]
[Date "2020.11.03"]
[Round "5"]
[White "elohunter1999"]
[Black "snowlord"]
[Result "1-0"]
[WhiteElo "2512"]
[BlackElo "2725"]
[TimeControl "180+1"]
[EndTime "10:59:34 PST"]
[Termination "elohunter1999 won by resignation"]

1. e4 c5 2. Nf3 d6 3. d4 cxd4 4. Nxd4 Nf6 5. Nc3 a6 6. Bg5 Nbd7 7. Bc4 Qb6 8. Bb3 e6 9. Qd2 Be7 10. O-O-O Nc5 11. Rhe1 h6 12. Bh4 Qc7 13. Kb1 b5 14.
a3 Bb7 15. Bxf6 Bxf6 16. Ba2 O-O 17. f4 Rac8 18. g4 e5 19. Nf5 exf4 20. Nd5 Bxd5 21. Bxd5 Na4 22. c3 Rfd8 23. h4 Qc5 24. g5 Bxc3 25.
bxc3 Qxa3 26. Rc1 Nxc3+ 27. Rxc3 Rxc3 28. Qd4 Rb3+ 29. Bxb3 Qxb3+ 30. Qb2 Qxb2+ 31. Kxb2 hxg5 32. hxg5 d5 33. exd5 g6 34. Nh6+ Kf8 35. Rf1 Rxd5 36. Rxf4 Rxg5 37. Rxf7+ Ke8 38. Ra7 Rg2+ 39. Kc3 g5 40.
Rxa6 g4 41. Nf5 g3 42. Ra7 Rg1 43. Rg7 g2 44. Kb2 Rf1 45. Nd6+ Kd8 46. Rxg2 Kd7 47. Nxb5 Rf5 48. Nc3 Re5 49. Kb3 Ke7 50. Kc4 Re6 51.
Nd5+ Kd6 52. Nc3 Rf6 53. Ne4+ 1-0

[Event "*** Titled Tuesday Blitz"]
[Site "Chess.com"]
[Date "2020.11.03"]
[Round "5"]
[White "Angry_Twin"]
[Black "Vesper2018"]
[Result "1-0"]
[WhiteElo "2863"]
[BlackElo "2614"]
[TimeControl "180+1"]
[EndTime "10:59:35 PST"]
[Termination "Angry_Twin won on time"]

1. e4 c5 2. Nf3 d6 3. Bb5+ Bd7 4.
Bxd7+ Qxd7 5. c4 Nf6 6. Nc3 Nc6 7. O-O g6 8. d4 cxd4 9. Nxd4 Bg7 10. Nde2 O-O 11.
f3 Rac8 12. b3 e6 13. Be3 Rfd8 14. Bg5 h6 15. Bh4 g5 16. Bf2 d5 17. exd5 exd5 18.
c5 d4 19. Nb5 d3 20. Ng3 Ne8 21. Ne4 Be5 22. Nbd6 Nxd6 23. cxd6 f5 24. Nc5 Qxd6 25.
Nxb7 Qd5 26. Nxd8 Rxd8 27. Rc1 d2 28. Rc4 a5 29. a3 Qd6 30. g3 Nd4 31. Kg2 Nb5 32. Qc2 d1=Q 33. Rxd1 Qxd1 34. Qxf5 Nd6 35. Qg6+ Bg7 36. Rc7 Ne8 37. Re7 Qxb3 38. Rxe8+ Rxe8 39. Qxe8+ Kh7 40. Qe4+ Kg8 41. a4 Qb4 42. Qe8+ Kh7 43. Qc6 Qb2 44. Qe4+ Kg8 45. Qa8+ Kh7 46. Qxa5 Bd4 47.
Qc7+ Bg7 48. Qc4 Qa3 49. Qe4+ Kg8 50. Qd5+ Kh7 51. a5 Qa4 52. Qf5+ Kh8 53. g4 Qa2 54. Qc8+ Kh7 55. a6 1-0

[Event "*** Titled Tuesday Blitz"]
[Site "Chess.com"]
[Date "2020.11.03"]
[Round "5"]
[White "TST2014"]
[Black "GregShahade"]
[Result "1-0"]
[WhiteElo "2503"]
[BlackElo "2644"]
[TimeControl "180+1"]
[EndTime "10:59:35 PST"]
[Termination "TST2014 won by resignation"]

1. d4 Nf6 2. c4 g6 3. Nc3 d5 4.
Nf3 Bg7 5. Bg5 Ne4 6. Bh4 Nxc3 7. bxc3 dxc4 8. Qa4+ c6 9. Qxc4 Be6 10. Qb4 Qc7 11.
e3 b6 12. a4 Qd6 13. a5 Qxb4 14. cxb4 b5 15. Rc1 Kd7 16. Ng5 Na6 17. Nxe6 fxe6 18. Rb1 Bf6 19. Bg3 Nc7 20. Bd3 Ne8 21. Ke2 Nd6 22. Rhc1 Rac8 23. Rc5 Nb7 24. Rc3 a6 25. Rbc1 Nd6 26. Rc5 Nb7 27. R5c2 Nd6 28. Be5 Bxe5 29.
dxe5 Nf7 30. f4 Rc7 31. Be4 Rhc8 32. Rc5 Nd8 33. g4 Nb7 34. R5c2 Nd8 35. h4 Nf7 36. Rc5 Nd8 37. h5 gxh5 38. gxh5 h6 39. Rg1 Nb7 40.
Rd1+ Ke8 41. Rcc1 Nd8 42. Rg1 c5 43. bxc5 Rxc5 44. Rg8+ Kd7 45. Rd1+ Kc7 46. Rg7 Nc6 47.
Bxc6 Kxc6 48. Rxe7 Rc2+ 49. Kf3 Rg8 50. Rxe6+ Kc5 51.
Rxa6 b4 52. Rb6 Rc8 53. Rd4 Rc4 54. Rxc4+ Kxc4 55. e6 b3 56. f5 Rc5 57. Kf4 Rb5 58.
Rxb5 Kxb5 59. e7 b2 60. e8=Q+ Kxa5 61. Qb8 b1=Q 1-0